 Dungeon Crawl Stone Soup version 0.19.0-20-gbc5f0c6 (webtiles) character file.

28 GlenndL the Magician (level 2, -1/20 HPs)
             Began as a Demigod Wizard on Nov 18, 2016.
             Slain by Natasha (3 damage)
             ... on level 2 of the Dungeon.
             The game lasted 00:05:42 (824 turns).

GlenndL the Magician (Demigod Wizard)                Turns: 824, Time: 00:05:43

Health: -1/20      AC:  3    Str: 10    XL:     2   Next: 75%
Magic:  0/8        EV: 12    Int: 22    God:
Gold:   51         SH:  0    Dex: 14    Spells: 4 memorised, 0 levels left

rFire  . . .     SeeInvis .     l - +0 club
rCold  . . .     Gourm    .     a - +0 robe
rNeg   . . .     Faith    .     (no shield)
rPois  .         Spirit   .     b - +0 hat
rElec  .         Reflect  .     (no cloak)
rCorr  .         Harm     .     k - +0 pair of gloves
MR     .....                    (no boots)
Stlth  ++........               (no amulet)
                                (no ring)
                                (no ring)

@: very slightly contaminated, slowed, repel missiles, very slow
A: high mp 1
a: no special abilities


You were on level 2 of the Dungeon.
You were not hungry.

You visited 1 branch of the dungeon, and saw 2 of its levels.

You collected 51 gold pieces.

Inventory:

Hand Weapons
 l - a +0 club (weapon)
 o - a +0 mace
Missiles
 j - 5 tomahawks (quivered)
Armour
 a - a +0 robe (worn)
 b - a +0 hat (worn)
 k - a +0 pair of gloves (worn)
Jewellery
 e - a +5 ring of dexterity {unknown}
 n - an uncursed ring of poison resistance {unknown}
Scrolls
 h - 2 scrolls of fear {unknown}
 m - 2 scrolls of random uselessness {unknown}
 p - 2 scrolls of identify {unknown}
 q - a scroll of recharging {unknown}
 r - a scroll of remove curse {unknown}
Potions
 f - a potion of lignification {unknown}
 g - a potion of ambrosia {unknown}
Books
 c - a book of Minor Magic

   Spells                             Type                      Level
   a - Magic Dart                     Conjuration                  1
   b - Blink                          Translocation                2
   c - Call Imp                       Summoning                    2
   d - Repel Missiles                 Charms/Air                   2
   e - Slow                           Hexes                        2
   f - Conjure Flame                  Conjuration/Fire             3
   g - Mephitic Cloud                 Conjuration/Poison/Air       3
Comestibles
 d - a bread ration
 i - a beef jerky


   Skills:
 + Level 2.1 Dodging
 + Level 1.8 Stealth
 + Level 3.3 Spellcasting
 + Level 1.1 Conjurations
 + Level 0.8 Summonings
 + Level 0.8 Translocations


You couldn't memorise any spells.
You knew the following spells:

 Your Spells              Type           Power        Failure   Level  Hunger
a - Magic Dart            Conj           #...         10%         1    None
b - Blink                 Tloc           N/A          14%         2    ##.....
c - Call Imp              Summ           #.......     14%         2    ##.....
d - Repel Missiles        Chrm/Air       #.....       21%         2    ##.....


Dungeon Overview and Level Annotations

Branches:
Dungeon (2/15)

Annotations:
D:2 Natasha


Innate Abilities, Weirdness & Mutations

You have an increased reservoir of magic. (+10% MP)


Message History

You feel as though you will be slow longer.
Found 16 gold pieces.
Natasha stares at you and mumbles some strange words.
You feel as though you will be slow longer.
Casting: Repel Missiles
Confirm with . or Enter, or press ? or * to list all spells.
You miscast Call Imp.
You are very lightly contaminated with residual magic.
The world appears momentarily distorted.
Natasha stares at you and mumbles some strange words.
You feel as though you will be slow longer.
Natasha stares at you and mumbles some strange words.
You feel as though you will be slow longer.
Natasha claws you.
* * * LOW HITPOINT WARNING * * *
You hit Natasha but do no damage.
Natasha is lightly wounded.
The shadow imp misses you. Natasha closely misses you.
The shadow imp misses you. Natasha claws you.
You die...

####### ##.......
#...$.. #.....
#...#
.#######...#
........@..#####
........h5......
######....#####
#....# ###
.#######....####
..#
...............+
...+
.#######.(..####
...#
###.......#....#
#.......#.#....#.


You could see Natasha and a shadow imp.

Vanquished Creatures
  2 leopard geckos (D:1)
  5 giant cockroaches (D:1)
  3 goblins (D:1)
  4 hobgoblins (D:1)
  A quokka (D:2)
  A bat (D:2)
  2 frilled lizards (D:1)
  A kobold (D:1)
  5 rats (D:1)
24 creatures vanquished.

Notes
Turn   | Place    | Note
-------+----------+-------------------------------------------
     0 | D:1      | GlenndL the Demigod Wizard began the quest for the Orb.
     0 | D:1      | Reached XP level 1. HP: 14/14 MP: 6/6
   121 | D:1      | Reached skill level 3 in Spellcasting
   148 | D:1      | Reached skill level 1 in Conjurations
   177 | D:1      | Reached XP level 2. HP: 13/20 MP: 0/8
   183 | D:1      | Learned a level 2 spell: Blink
   186 | D:1      | Learned a level 2 spell: Call Imp
   189 | D:1      | Learned a level 2 spell: Repel Missiles
   806 | D:2      | Noticed Natasha
   824 | D:2      | Slain by Natasha

Skill      XL: |  1 |
---------------+----+-----
Spellcasting   | 3 |  3.3
Conjurations   | 1 |  1.1
Dodging        | 2 |  2.1
Stealth        | |  1.8
Summonings     | |  0.8
Translocations | |  0.8

Action                   || total
-------------------------++-------
Melee: Club              ||    16
 Cast: Magic Dart        ||    53
       Repel Missiles    ||     1
Armor: Robe              ||     4
Dodge: Dodged            ||    24
